 Dungeon Crawl Stone Soup version 0.30-a0-778-g2ef04afb54 (webtiles) character file.

Game seed: 12071742045810461109

98 xian the Cudgeller (level 4, -2/45 HPs)
             Began as a Troll Berserker on Feb 16, 2023.
             Was a Believer of Trog.
             Slain by Terence
             ... wielding a +0 flail
              (4 damage)
             ... on level 3 of the Dungeon.
             The game lasted 00:06:17 (2344 turns).

xian the Cudgeller (Troll Berserker)                Turns: 2344, Time: 00:06:17

Health: -2/45      AC:  4    Str: 27    XL:     4   Next: 44%
Magic:  3/3        EV: 10    Int:  3    God:    Trog [**....]
Gold:   135        SH:  0    Dex:  9    Spells: 3/3 levels left

rFire   . . .      SeeInvis .    a - +0 mace
rCold   . . .      Faith    .    (no shield)
rNeg    . . .      Spirit   .    b - +0 animal skin
rPois   .          Reflect  .    (helmet restricted)
rElec   .          Harm     .    (no cloak)
rCorr   .          Rampage  .    (gloves unavailable)
Will    .....                    (boots unavailable)
Stlth   +                        n - amulet of the acrobat
HPRegen 1.07/turn                (no ring)
MPRegen 0.08/turn                (no ring)

@: no status effects
A: large, unfitting armour, claws 3, regeneration 1, shaggy fur 1, tough skin 1
a: Renounce Religion, Berserk, Trog's Hand


You were on level 3 of the Dungeon.
You worshipped Trog.
Trog was pleased with you.
You visited 1 branch of the dungeon, and saw 3 of its levels.

You collected 135 gold pieces.

Inventory:

Hand Weapons
 a - a +0 mace (weapon)
Missiles
 u - 2 silver boomerangs (quivered)
Armour
 b - a +0 animal skin (worn)
Magical Staves
 c - a staff of conjuration
Jewellery
 n - an amulet of the acrobat (around neck)
 q - an amulet of guardian spirit
Wands
 s - a wand of flame (10)
Scrolls
 d - a scroll of noise {unknown}
 g - 4 scrolls of teleportation {unknown}
 h - a scroll of immolation {unknown}
 j - a scroll of acquirement {unknown}
 k - 4 scrolls of identify {unknown}
 l - 2 scrolls of vulnerability {unknown}
 o - 2 scrolls of torment {unknown}
Potions
 e - 2 potions of cancellation {unknown}
 f - a potion of magic {unknown}
 i - 2 potions of curing {unknown}
 m - a potion of might {unknown}
 p - a potion of heal wounds {unknown}
 r - a potion of attraction {unknown}
 t - a potion of flight {unknown}


   Skills:
 + Level 3.0 Fighting
 + Level 3.8 Maces & Flails
 + Level 3.0 Dodging
 + Level 0.1 Stealth


You had 3 spell levels left.
You didn't know any spells.
Your spell library contained the following spells:

 Spells                   Type           Power      Damage    Failure   Level
 Call Canine Familiar     Summ           0%         N/A       88%         3
 Portal Projectile        Hex/Tloc       0%         N/A       88%         3
 Leda's Liquefaction      Hex/Erth       0%         N/A       99%         4


Dungeon Overview and Level Annotations

Branches:
Dungeon (3/15)

Altars:
Vehumet
Yredelemnul

Annotations:
D:3 Terence


Innate Abilities, Weirdness & Mutations

You are too large for most types of armour.
You have claws for hands.
Your natural rate of healing is unusually fast.
You are covered in fur. (AC +1)
You have tough skin. (AC +1)


Message History

Terence closely misses you.
You hit Terence but do no damage.
Terence is severely wounded.
Terence hits you with a +0 flail. Terence shouts, "Now you die!"
Terence hits you with a +0 flail.
You closely miss Terence.
Terence is severely wounded.
Terence hits you with a +0 flail!
You barely miss Terence.
Terence is severely wounded.
Terence closely misses you.
You hit Terence but do no damage.
Terence is severely wounded.
Terence closely misses you.
You hit Terence.
Terence is severely wounded.
Terence hits you with a +0 flail. Terence misses you.
You hit Terence but do no damage.
Terence is severely wounded.
Terence hits you with a +0 flail!
You hit Terence.
Terence is almost dead.
Terence hits you with a +0 flail.
* * * LOW HITPOINT WARNING * * *
You barely miss Terence.
Terence is almost dead.
Terence shouts, "Now you die!" Terence hits you with a +0 flail!
* * * LOW HITPOINT WARNING * * *
You hit Terence.
Terence is almost dead.
Terence hits you with a +0 flail.
* * * LOW HITPOINT WARNING * * *
You barely miss Terence.
Terence is almost dead.
Terence hits you with a +0 flail.
* * * LOW HITPOINT WARNING * * *
Terence hits you with a +0 flail.
You die...

....###..# #.####
####.#.#.# #....#
# ##.##.# ####.#
# #.##.# #.# #
#.##.######### ##
######.## #
#............##.#
#........ #
#..............#
...####.## #
##.#.#######@.#
#.# # #.#.#
#####@# #.# #
#.#.###....## #.#
#.#...).###.# #.#
#.####### ..# #.#
#.# .#.# #.# #.#
.##.. ..# #.# .#
### .# ##


You could see Terence.

Vanquished Creatures
  Jessica (D:3)
  An adder (D:3)
  4 dart slugs
  5 orcs (D:3)
  5 bats
  2 endoplasms (D:1)
  4 goblins
  4 hobgoblins
  5 kobolds
  A quokka (D:1)
  9 ball pythons
  7 frilled lizards
  5 rats
53 creatures vanquished.

Notes
Turn   | Place    | Note
-------+----------+-------------------------------------------
     0 | D:1      | xian the Troll Berserker began the quest for the Orb.
     0 | D:1      | Reached XP level 1. HP: 22/22 MP: 0/0
   274 | D:1      | Reached XP level 2. HP: 29/29 MP: 1/1
   782 | D:1      | Reached ** piety under Trog
  1198 | D:2      | Reached XP level 3. HP: 36/36 MP: 2/2
  1267 | D:2      | Found a faded altar of an unknown god.
  1412 | D:2      | Found a basalt altar of Yredelemnul.
  1772 | D:3      | Noticed Jessica
  1781 | D:3      | Killed Jessica
  1803 | D:3      | Reached XP level 4. HP: 45/45 MP: 3/3
  2172 | D:3      | Found a radiant altar of Vehumet.
  2328 | D:3      | Noticed Terence
  2343 | D:3      | HP: 2/45 [Terence/+0 flail (4)]
  2344 | D:3      | Slain by Terence

Illustrated notes

Levels and vault maps discovered:
D:1:      eino_arrival_water_cross, layout_basic
D:2:      layout_rooms, shapermc_ecumenical_altar_mp_highgroup, basic_altar,
          minmay_misc_feat_columns, minmay_misc_feat_tiny
D:3:      layout_loops_ring, fiery_altar_vehumet, uniq_jessica, uniq_terence

Skill      XL: |  1  2  3  4 |
---------------+-------------+-----
Maces & Flails | 3 |  3.8
Fighting       | 3 |  3.0
Dodging        | 3 |  3.0
Stealth        | |  0.1

Action                     |  1- 3 |  4- 6 || total
---------------------------+-------+-------++-------
  Melee: Mace              |    92 |    55 ||   147
   Stab: Sleeping          |     1 |     1 ||     2
 Armour: Animal skin       |    37 |     7 ||    44
  Dodge: Dodged            |    45 |    46 ||    91

Table legend: (Time is in decaauts)
 A = Elapsed time spent in this place.
 B = Non-inter-level travel time spent in this place.
 C = Inter-level travel time spent in this place.
 D = Time resting spent in this place.
 E = Time spent auto-exploring this place.
 F = Levels seen in this place.
 G = Mean time per level.
                   A        B        C        D        E       F      G
               +--------+--------+--------+--------+--------+-----+--------+
         Total |   2379 |   2343 |     36 |      0 |    876 |   3 |  793.0 |
       Dungeon |   2379 |   2343 |     36 |      0 |    876 |   3 |  793.0 |
               +--------+--------+--------+--------+--------+-----+--------+

Top non-repeatable levels by time:
     D:1: 1168 daAuts
     D:3: 641 daAuts
     D:2: 569 daAuts
